 Dungeon Crawl Stone Soup version 0.18-a0-1311-g779ca93 (webtiles) character file.

2536 nicanaca0 the Basher (level 9, 82/82 HPs)
             Began as a Minotaur Berserker on Oct 29, 2015.
             Was a High Priest of Trog.
             Quit the game on level 6 of the Dungeon on Feb 13, 2016.
             The game lasted 00:14:28 (6492 turns).

nicanaca0 the Basher (Minotaur Berserker)           Turns: 6492, Time: 00:14:28

Health: 82/82      AC:  8    Str: 21    XL:     9   Next: 30%
Magic:  8/8        EV: 10    Int:  8    God:    Trog [*****.]
Gold:   228        SH:  3    Dex: 14    Spells: 0 memorised, 8 levels left

rFire  . . .     SeeInvis .     s - +1 flail
rCold  . . .     Gourm    .     A - +0 scale mail (curse)
rNeg   . . .     Faith    .     f - +0 buckler
rPois  .         Spirit   .     (helmet restricted)
rElec  .         Dismiss  .     (no cloak)
rCorr  .         Reflect  .     (no gloves)
SustAt .         Harm     .     (no boots)
MR     +....                    (no amulet)
Stlth  ..........               u - +4 ring of intelligence
                                n - ring of protection from magic

@: somewhat resistant to hostile enchantments, extremely unstealthy
A: retaliatory headbutt, horns 2
a: Berserk, Trog's Hand, Brothers in Arms, Burn Spellbooks, Renounce Religion


You were on level 6 of the Dungeon.
You worshipped Trog.
Trog was extremely pleased with you.
You were very hungry.

You visited 1 branch of the dungeon, and saw 6 of its levels.
You also visited: Sewer.

You collected 228 gold pieces.

Inventory:

Hand Weapons
 b - a +3 hand crossbow of freezing
 s - a +1 flail (weapon)
 F - a +0 dire flail
Missiles
 w - 6 curare-tipped needles
Armour
 f - a +0 buckler (worn)
 g - a +4 ring mail
 A - a cursed +0 scale mail (worn)
Jewellery
 n - a ring of protection from magic (left hand)
 u - a +4 ring of intelligence (right hand)
Wands
 k - a wand of removedness (23/24)
 r - a wand of removedness (20/24)
 C - a wand of slowing (23/48)
Scrolls
 h - 4 scrolls of enchant weapon
 j - a scroll of teleportation {unknown}
 l - 3 scrolls of fear {unknown}
 o - a scroll of immolation {unknown}
 q - 3 scrolls of remove curse {unknown}
 v - 2 scrolls of magic mapping {unknown}
 x - 4 scrolls of identify {unknown}
 y - a scroll of blinking {unknown}
 D - a scroll of random uselessness {unknown}
 E - a scroll of fog {unknown}
Potions
 a - 3 potions of invisibility {unknown}
 d - 3 potions of agility {unknown}
 e - 2 potions of curing {unknown}
 m - a potion of lignification {unknown}
 p - a potion of haste {unknown}
 z - a potion of berserk rage {unknown}
Comestibles
 c - 5 bread rations
 i - 2 royal jellies
 B - 4 fruits


   Skills:
 * Level 8.9 Fighting
 - Level 9.5 Maces & Flails
 + Level 3.8 Crossbows
 * Level 8.4 Armour
 - Level 2.1 Dodging


You had 8 spell levels left.
You didn't know any spells.

Dungeon Overview and Level Annotations

Branches:
Dungeon (6/15)             Temple (0/1) D:6

Altars:
Nemelex Xobeh
Trog


Innate Abilities, Weirdness & Mutations

You reflexively headbutt those who attack you in melee.
You have a pair of horns on your head.


Message History

Trog accepts your kill.
There isn't anything here!
There is a stone staircase leading down here.
You are feeling hungry.
You see here a giant club.
The rust devil screeches!
Found a stone staircase leading down.
There is a stone staircase leading down here.
There is a stone staircase leading down here.
You are feeling very hungry.
Done exploring.
Done exploring.
Saving game... please wait.
Welcome back, nicanaca0 the Minotaur Berserker.
Trog says: Kill them all!
Press ? for a list of commands and other information.
Welcome back, nicanaca0 the Minotaur Berserker.
Trog says: Kill them all!
Press ? for a list of commands and other information.
Are you sure you want to abandon this character and quit the game? (Confirm with "yes".)

#..###..# ##...##.
##.## #.## ##..###
#.## ### #..# # #.#
##.# # #### ##.###
#.###########..##≈
#..............#≈≈
##.............##≈≈
#.@#######.....##§.
##..## ####..##..
#...## ####...#...
#....###..........
#.................
#.................
#.......##........
#.....###.........
##.....##..........


There were no monsters in sight!

Vanquished Creatures
  A hill giant (D:6)
  The ghost of Armakuni the Skirmisher, an amateur HOMo (D:3)
  Edmund (D:6)
  A water moccasin (D:6)
  An orc warrior (D:6)
  2 phantoms (D:6)
  A necrophage (D:5)
  An ogre (D:5)
  A centaur (D:5)
  3 giant frogs
  2 scorpions
  4 hounds
  A crimson imp (D:5)
  3 orc priests
  3 iguanas (D:6)
  An orc wizard (D:5)
  4 worker ants
  2 hound skeletons
  4 gnolls (D:6)
  9 adders
  3 shadow imps
  2 adder zombies (D:5)
  14 oozes
  7 worms
  25 giant geckos
  21 orcs
  12 ball pythons
  13 giant cockroaches
  4 goblins
  5 hobgoblins
  3 jackals (D:3)
  10 bats
  14 giant newts
  6 kobolds
  3 quokkas
  A quokka skeleton (D:4)
  12 rats
201 creatures vanquished.

Notes
Turn   | Place    | Note
--------------------------------------------------------------
     0 | D:1      | nicanaca0 the Minotaur Berserker began the quest for the Orb.
     0 | D:1      | Reached XP level 1. HP: 19/19 MP: 0/0
   137 | D:1      | Reached skill level 4 in Maces & Flails
   292 | D:1      | Reached XP level 2. HP: 26/26 MP: 1/1
   574 | D:1      | Reached ** piety under Trog
   884 | D:2      | Reached skill level 5 in Maces & Flails
   884 | D:2      | Reached XP level 3. HP: 29/31 MP: 2/2
  1197 | D:2      | Reached skill level 6 in Maces & Flails
  1197 | D:2      | Reached XP level 4. HP: 39/39 MP: 3/3
  1444 | D:3      | Noticed Armakuni's ghost (amateur HOMo)
  1453 | D:3      | Killed Armakuni's ghost
  1453 | D:3      | Reached skill level 7 in Maces & Flails
  1453 | D:3      | Reached XP level 5. HP: 45/45 MP: 4/4
  1456 | D:3      | Reached *** piety under Trog
  1537 | D:3      | Reached skill level 8 in Maces & Flails
  2368 | D:3      | Reached XP level 6. HP: 47/51 MP: 5/5
  2773 | D:4      | Reached skill level 9 in Maces & Flails
  3057 | D:4      | Found a sparkling altar of Nemelex Xobeh.
  3180 | D:5      | Entered Level 5 of the Dungeon
  3386 | D:5      | Reached XP level 7. HP: 58/60 MP: 6/6
  3531 | D:5      | Reached skill level 5 in Fighting
  3571 | D:5      | Reached **** piety under Trog
  3652 | D:5      | Found a glowing drain.
  3656 | Sewer    | Entered a sewer
  3830 | Sewer    | Reached ***** piety under Trog
  3864 | Sewer    | Received a gift from Trog
  4022 | Sewer    | Reached skill level 5 in Armour
  4023 | Sewer    | Received a gift from Trog
  4181 | D:5      | Reached XP level 8. HP: 70/70 MP: 7/7
  4312 | D:5      | Reached skill level 1 in Crossbows
  4672 | D:6      | Noticed a hill giant
  4683 | D:6      | Killed a hill giant
  5214 | D:6      | Reached XP level 9. HP: 81/81 MP: 8/8
  5280 | D:6      | Noticed Edmund
  5303 | D:6      | Killed Edmund
  5649 | D:6      | Noticed an angel
  5660 | D:6      | Found a staircase to the Ecumenical Temple.
  5841 | D:6      | Found a bloodstained altar of Trog.
  6304 | D:6      | Noticed a rust devil
  6492 | D:6      | Upgraded the game from 0.17-a0-2231-gd80ca38 to 0.18-a0-5-gf1fb587
  6492 | D:6      | Upgraded the game from 0.18-a0-5-gf1fb587 to 0.18-a0-1311-g779ca93
  6492 | D:6      | Quit the game

Vault maps used:
D:1:      evilmike_arrival_crescent, roderic_roman_lattice
D:2:      kennysheep_big_flooded_room, serial_glass, glass_columns_b,
          glass_columns_b
D:3:      serial_glass, glass_columns_c, glass_columns_b, kennysheep_potato
D:4:      st_stairs_7, solitary_fountain, nemelex_dance_club_becter
D:5:      first_bread, gup_sewer_entry_spiral
D:6:      temple_garden, trog_butcher_becter, uniq_edmund
Sewer:    sewer_frog_island_02

Action                   |  1- 3 |  4- 6 |  7- 9 || total
-------------------------+-------+-------+-------++-------
Melee: Mace              |    85 |   107 |       ||   192
       Flail             |       |    11 |   319 ||   330
Invok: Berserk           |       |     1 |     2 ||     3
  Use: Scroll            |       |       |     1 ||     1
  Eat: Chunk             |     1 |     8 |    10 ||    19
       Beef jerky        |       |       |     1 ||     1
